 Dungeon Crawl Stone Soup version 0.27-a0-1137-g3ef0f4ec91 (webtiles) character file.

Game seed: 4438295118016041319

21 senseless the Skirmisher (level 2, -3/24 HPs)
             Began as a Demonspawn Fighter on May 6, 2021.
             Slain by a worm (7 damage)
             ... on level 2 of the Dungeon.
             The game lasted 00:01:57 (1098 turns).

senseless the Skirmisher (Demonspawn Fighter)       Turns: 1098, Time: 00:01:58

Health: -3/24      AC:  6    Str: 16    XL:     2   Next: 62%
Magic:  2/2        EV:  3    Int:  9    God:
Gold:   23         SH:  8    Dex: 12    Spells: 1/1 levels left

rFire    . . .     SeeInvis .   a - +0 flail
rCold    . . .     Faith    .   c - +0 kite shield
rNeg     . . .     Spirit   .   b - +0 scale mail
rPois    .         Reflect  .   (no helmet)
rElec    .         Harm     .   (no cloak)
rCorr    .         Rampage  .   (no gloves)
Will     .....                  (no boots)
Stlth    ..........             (no amulet)
HPRegen  0.08/turn              (no ring)
MPRegen  0.08/turn              (no ring)

@: mighty, constricted
A: powered by pain 1
a: no special abilities


You were on level 2 of the Dungeon.
You visited 1 branch of the dungeon, and saw 2 of its levels.

You collected 23 gold pieces.

Inventory:

Hand Weapons
 a - a +0 flail (weapon)
Armour
 b - a +0 scale mail (worn)
 c - a +0 kite shield (worn)
Scrolls
 f - a scroll of blinking
Potions
 e - a potion of flight
 g - 2 potions of curing


   Skills:
 * Level 3.4 Fighting
 + Level 2.0 Maces & Flails
 + Level 2.9 Armour
 + Level 2.9 Shields


You had one spell level left.
You didn't know any spells.
Your spell library was empty.

Dungeon Overview and Level Annotations

Branches:
Dungeon (2/15)

Altars:


Innate Abilities, Weirdness & Mutations

You sometimes gain a little power by taking damage.


Message History

The ball python hisses angrily.
The adder bites you but does no damage.
You hit the adder.
The adder is heavily wounded.
The adder bites you but does no damage.
The giant cockroach waves its antennae.
The adder closely misses you.
You barely miss the adder.
The adder is heavily wounded.
The adder bites you. The adder barely misses you.
You miss the adder.
The adder is heavily wounded.
The adder barely misses you. The worm bites you. You block the adder's attack.
You feel very mighty all of a sudden. The ball python barely misses you.
The ball python grabs you. The ball python constricts you.
The adder barely misses you. The worm barely misses you.
You block the ball python's attack. The ball python constricts you.
You hit the worm.
The worm is lightly wounded.
The adder bites you.
The ball python bites you but does no damage.
The ball python constricts you. The adder bites you but does no damage.
The worm bites you. You block the ball python's attack.
The ball python constricts you.
You sock the worm!
The worm is heavily wounded.
You block the adder's attack. The ball python bites you.
The ball python constricts you. The adder bites you but does no damage.
The worm bites you.
* * * LOW HITPOINT WARNING * * *
Unknown command.
You sock the worm!
The worm is almost dead.
The ball python barely misses you. The ball python constricts you.
You block the adder's attack.
The ball python bites you but does no damage.
The ball python constricts you. The adder bites you but does no damage.
The worm bites you!
You die...

### #.........#
...##
#.........#
#....
#.........# #...
#.........# #...
#.........#
#...##.........#
#.....rg.......#
#.....#S#######
#.....#@#
####.r#Sw......
#...#B.......
#.#<#.>......
#.#..>.......
......#######
...?...#
........# ...
..#..#


You could see a worm, an adder, a giant cockroach, a hobgoblin, a ball python
and a rat.

Vanquished Creatures
  2 endoplasms (D:1)
  3 giant cockroaches (D:1)
  A goblin (D:2)
  3 ball pythons (D:1)
  3 bats (D:1)
  2 frilled lizards (D:1)
  3 kobolds (D:1)
  5 rats (D:1)
22 creatures vanquished.

Notes
Turn   | Place    | Note
-------+----------+-------------------------------------------
     0 | D:1      | senseless the Demonspawn Fighter began the quest for the
                  | Orb.
     0 | D:1      | Reached XP level 1. HP: 18/18 MP: 1/1
   524 | D:1      | Gained mutation: You sometimes gain a little power by
                  | taking damage. [demonic ancestry]
   524 | D:1      | Reached XP level 2. HP: 23/24 MP: 2/2
  1098 | D:2      | Slain by a worm

Illustrated notes

Levels and vault maps discovered:
D:1:      matt_arrival_grand_opening, layout_loops_ring, kennysheep_small_spiral
D:2:      layout_rooms, dk_vineyard_3, nrook_loot_triangle,
          nrook_mini_backslash, uniq_jessica, uniq_robin

Skill      XL: |  1  2 |
---------------+-------+-----
Maces & Flails | 2 |  2.0
Fighting       | |  3.4
Armour         | |  2.9
Shields        | |  2.9

Action                   || total
-------------------------++-------
Melee: Flail             ||   107
Throw: Throwing net      ||     1
  Use: Scroll            ||     3
       Potion            ||     1
Armor: Scale mail        ||    76
Dodge: Dodged            ||    45
Block: Kite shield       ||    78

Table legend: (Time is in decaauts)
 A = Elapsed time spent in this place.
 B = Non-inter-level travel time spent in this place.
 C = Inter-level travel time spent in this place.
 D = Time resting spent in this place.
 E = Time spent auto-exploring this place.
 F = Levels seen in this place.
 G = Mean time per level.
                   A        B        C        D        E       F      G
               +--------+--------+--------+--------+--------+-----+--------+
         Total |   1155 |   1147 |      8 |    261 |    635 |   2 |  577.5 |
       Dungeon |   1155 |   1147 |      8 |    261 |    635 |   2 |  577.5 |
               +--------+--------+--------+--------+--------+-----+--------+

Top non-repeatable levels by time:
     D:1: 1104 daAuts
     D:2: 51 daAuts
